 Dungeon Crawl Stone Soup version 0.30-a0-377-g5cb311bc9f (webtiles) character file.

Game seed: 4539890842988660187

122 tio the Grave Robber (level 4, 0/30 HPs)
             Began as a Vampire Necromancer on Nov 28, 2022.
             Slain by a shadow imp (4 damage)
             ... summoned by Natasha
             ... on level 3 of the Dungeon.
             The game lasted 00:17:44 (1903 turns).

tio the Grave Robber (Vampire Necromancer)          Turns: 1903, Time: 00:17:48

Health: 0/30       AC:  2    Str:  7    XL:     4   Next: 78%
Magic:  8/9        EV: 12    Int: 19    God:
Gold:   74         SH:  0    Dex: 14    Spells: 8/9 levels left

rFire   + . .      SeeInvis +    e - staff of death
rCold   + . .      Faith    .    (no shield)
rNeg    + . .      Spirit   .    a - +0 robe
rPois   +          Reflect  .    (no helmet)
rElec   +          Harm     .    (no cloak)
rCorr   +          Rampage  .    (no gloves)
Will    .....                    (no boots)
Stlth   ++........               k - amulet of the acrobat
HPRegen 0.45/turn                (no ring)
MPRegen 0.11/turn                (no ring)

@: resistant, healing quickly
A: alive, fangs 3, see invisible, vampiric 2
a: Exsanguinate


You were on level 3 of the Dungeon.
You visited 1 branch of the dungeon, and saw 3 of its levels.

You collected 74 gold pieces.

Inventory:

Hand Weapons
 c - a +0 dagger
 g - a +0 whip
Armour
 a - a +0 robe (worn)
Magical Staves
 e - a staff of death (weapon)
Jewellery
 k - an amulet of the acrobat (around neck)
Scrolls
 h - 2 scrolls of vulnerability
 l - a scroll of poison {unknown}
 m - a scroll of amnesia {unknown}
 n - a scroll of enchant armour {unknown}
 o - 2 scrolls of noise
 p - a scroll of silence {unknown}
Potions
 b - a potion of resistance
 d - a potion of attraction {unknown}
 f - a potion of might {unknown}
 i - a potion of cancellation {unknown}
 j - 3 potions of flight


   Skills:
 + Level 2.4 Dodging
 + Level 3.1 Stealth
 + Level 3.4 Spellcasting
 + Level 5.6 Necromancy


You had 8 spell levels left.
You knew the following spells:

 Your Spells              Type           Power      Damage    Failure   Level
a - Necrotise             Necr           100%       1d9       1%          1

Your spell library contained the following spells:

 Spells                   Type           Power      Damage    Failure   Level
 Vampiric Draining        Necr           36%        2d8       4%          3
 Animate Dead             Necr           36%        N/A       14%         4
 Agony                    Necr           36%        N/A       38%         5
 Petrify                  Tmut/Erth      3%         N/A       82%         4
 Metabolic Englaciation   Hex/Ice        1%         N/A       99%         5
 Statue Form              Tmut/Erth      2%         N/A       100%        6


Dungeon Overview and Level Annotations

Branches:
Dungeon (3/15)

Altars:

Annotations:
D:3 Natasha


Innate Abilities, Weirdness & Mutations

Your natural rate of healing is accelerated.
You have razor-sharp teeth.
You have supernaturally acute eyesight. (SInv)
You are afflicted with vampirism and can become a bat while bloodless.


Message History

Your hobgoblin skeleton hits the white imp.
You hit the white imp but do no damage.
The white imp is lightly wounded.
The white imp hits you but does no damage.
The shadow imp hits your hobgoblin skeleton.
Your hobgoblin skeleton is destroyed!
Natasha mewls in sadness.
The white imp hits you. The white imp freezes you.
You hit the white imp but do no damage.
The white imp is lightly wounded.
The white imp misses you.
You feel protected. The shadow imp closely misses you.
The white imp misses you.
Natasha growls.
You barely miss the white imp.
The white imp is lightly wounded.
The shadow imp barely misses you. The white imp gestures at you.
The puff of frost hits you. You resist. Natasha barely misses you.
The shadow imp hits you.
You closely miss the white imp.
The white imp is lightly wounded.
The white imp gestures at you. The puff of frost misses you. Natasha claws you.
The shadow imp hits you.
Okay, then.
Natasha claws you.
Keep bloodletting? [Y]es or [N]o only, please.
Keep bloodletting?
* * * LOW HITPOINT WARNING * * *
The white imp gestures at you. The puff of frost misses you.
The shadow imp closely misses you.
You begin bloodletting.
You continue bloodletting.
Natasha barely misses you. The white imp gestures at you.
The puff of frost hits you. You resist.
* * * LOW HITPOINT WARNING * * *
The shadow imp hits you.
You die...

#.# #..# #..# #...
#.# #..# #..# #.#.
#.# #..###. #. . #.#
#..#.. #####. #.#
#..#.# ..# #
#<###..#.#####.##.#.#
#.†...(.............#
#####.....####.##.###
##.#..# #h@#
#.......55.......
###..###.#.#####.
#..# #. .# #..# #. .#
#..# #. .# ..# #. .#
#. ..


You could see Natasha, a white imp (summoned) and a shadow imp (summoned).

Vanquished Creatures
  Robin (D:2)
  5 adders
  4 worms
  2 bats
  An endoplasm (D:2)
  2 giant cockroaches
  11 goblins
  7 hobgoblins
  A quokka (D:1)
  2 kobolds (D:2)
  7 rats
43 creatures vanquished.

Vanquished Creatures (collateral kills)
  An adder (D:3)
  2 goblins (D:2)
  A hobgoblin (D:1)
4 creatures vanquished.

Vanquished Creatures (others)
  17 fungi (D:1)
17 creatures vanquished.

Grand Total: 64 creatures vanquished

Notes
Turn   | Place    | Note
-------+----------+-------------------------------------------
     0 | D:1      | tio the Vampire Necromancer began the quest for the Orb.
     0 | D:1      | Reached XP level 1. HP: 13/13 MP: 3/3
   554 | D:1      | Reached XP level 2. HP: 19/19 MP: 0/5
  1017 | D:2      | Reached skill level 5 in Necromancy
  1017 | D:2      | Gained mutation: You are afflicted with vampirism and can
                  | become a bat while bloodless. [Vampire growth]
  1017 | D:2      | Reached XP level 3. HP: 24/24 MP: 2/6
  1119 | D:2      | Noticed Robin
  1134 | D:2      | Killed Robin
  1139 | D:2      | Reached XP level 4. HP: 29/30 MP: 0/8
  1887 | D:3      | Noticed Natasha
  1903 | D:3      | Slain by a shadow imp

Illustrated notes

Levels and vault maps discovered:
D:1:      scummos_arrival_checkerplants, layout_basic
D:2:      layout_rooms, uniq_robin
D:3:      layout_loops_ring, chequers_serial_rivers_micro_c, uniq_natasha

Skill      XL: |  1  2  3  4 |
---------------+-------------+-----
Necromancy     | 5 |  5.6
Spellcasting   | 3 |  3.4
Dodging        | |  2.4
Stealth        | |  3.1

Action                   |  1- 3 |  4- 6 || total
-------------------------+-------+-------++-------
Melee: Staff             |     8 |    20 ||    28
       Bite              |     1 |     3 ||     4
 Cast: Necrotise         |    50 |    36 ||    86
 Abil: Exsanguinate      |       |     1 ||     1
  Use: Scroll            |     3 |     1 ||     4
       Potion            |     2 |     2 ||     4
Armor: Robe              |     2 |     6 ||     8
Dodge: Dodged            |    11 |    19 ||    30

Table legend: (Time is in decaauts)
 A = Elapsed time spent in this place.
 B = Non-inter-level travel time spent in this place.
 C = Inter-level travel time spent in this place.
 D = Time resting spent in this place.
 E = Time spent auto-exploring this place.
 F = Levels seen in this place.
 G = Mean time per level.
                   A        B        C        D        E       F      G
               +--------+--------+--------+--------+--------+-----+--------+
         Total |   1911 |   1617 |    294 |      0 |   1305 |   3 |  637.0 |
       Dungeon |   1911 |   1617 |    294 |      0 |   1305 |   3 |  637.0 |
               +--------+--------+--------+--------+--------+-----+--------+

Top non-repeatable levels by time:
     D:2: 804 daAuts
     D:1: 766 daAuts
     D:3: 340 daAuts
